Map: [TLMC16] Tropical Sacrifice

Players

Aristori

  • Race: Zerg Zerg
  • Spawn Location: 1:00

Vindicta - Winner!

  • Race: Terran Terran
  • Spawn Location: 7:00

Event: DreamHack SC2 Masters 2022 Valencia

VOD

Have the link to the VOD?

Description

Time

  • Played on: July 1, 2022, 11:02 a.m.
  • Length: 8:56

All games in this series

Show
View Real Time Build Order
Export as new Build Order

Aristori Zerg 

Build Orders: Hatch First 

Get SALT Encoding   

  12  0:00  Drone  
  13  0:12  Overlord  
  13  0:16  Drone  
  14  0:30  Drone x2  
  16  0:47  Hatchery  
  15  0:51  Drone  
  15  0:55  Drone  
  17  0:58  Drone  
  18  1:10  Extractor  
  17  1:13  Spawning Pool  
  17  1:16  Drone  
  17  1:20  Drone  
  18  1:31  Drone  
  19  1:43  Drone  
  20  1:56  Overlord  
  20  2:01  Queen x2  
  20  2:02  Zergling x4  
  26  2:12  Drone x2  
  26  2:15  Metabolic Boost  
  28  2:25  Drone x2  
  30  2:35  Hatchery  
  29  2:41  Drone x2  
  31  2:47  Overlord  
  31  2:49  Drone  
  32  2:54  Queen  
  34  2:58  Drone  
  34  2:59  Drone  
  36  3:07  Drone x2  
  36  3:10  Drone x3  
  41  3:14  Queen  
  41  3:19  Overlord  
  43  3:26  Drone  
  44  3:34  Overlord x2  
  44  3:37  Queen  
  46  3:42  Drone x4  
  50  3:53  Drone  
  50  3:54  Drone x2  
  52  4:07  Drone x6  
  58  4:23  Overlord  
  58  4:25  Evolution Chamber  
  58  4:26  Evolution Chamber, Zergling x12  
  58  4:31  Overlord x2  
  62  4:36  Zergling x2  
  63  4:45  Zergling x10  
  68  4:54  Queen x3  
  68  4:57  Zerg Ground Armor Level 1  
  68  4:59  Zerg Melee Weapons Level 1  
  74  5:00  Zergling x10  
  74  5:04  Hatchery  
  78  5:08  Drone  
  78  5:09  Drone x4  
  83  5:17  Drone x2  
  83  5:18  Drone x4  
  83  5:19  Overlord  
  89  5:26  Extractor  
  89  5:27  Extractor  
  87  5:29  Overlord x2  
  87  5:32  Overlord x2  
  87  5:38  Overlord x2  
  87  5:39  Lair  
  87  5:45  Drone x2  
  87  5:46  Overlord  
  89  5:55  Overlord  
  89  5:58  Zergling x18  
  92  6:04  Zergling x4  
  76  6:21  Zergling x24  
  78  6:26  Queen x2, Zergling x2  
  78  6:32  Zergling x6  
  77  6:34  Queen  
  72  6:40  Zergling x6  
  72  6:41  Zergling x4  
  76  6:52  Drone x7  
  78  6:57  Drone  
  78  6:58  Drone  
  78  6:59  Queen  
  82  7:03  Drone x5  
  87  7:17  Zergling x6  
  87  7:18  Zergling x4  
  88  7:29  Zergling x12  
  89  7:33  Overlord  
  76  7:39  Baneling Nest  
  76  7:42  Zergling x6  
  71  7:53  Zergling x22  
  71  7:55  Queen x3  
  87  8:04  Drone x4  
  91  8:11  Zergling x12  
  85  8:22  Zergling x14  
  92  8:36  Zergling x10  
  92  8:44  Spore Crawler  
Show
View Real Time Build Order
Export as new Build Order

Vindicta Terran - Winner!

Build Orders: Reaper Expand 

Get SALT Encoding   

  12  0:00  SCV  
  13  0:12  SCV  
  14  0:22  Supply Depot  
  14  0:24  SCV  
  15  0:43  SCV  
  15  0:44  Barracks  
  15  0:47  Refinery  
  16  0:55  SCV  
  17  1:07  SCV  
  18  1:19  SCV  
  19  1:31  Reaper  
  19  1:32  Orbital Command  
  20  1:43  Command Center  
  20  1:53  Barracks  
  20  1:58  SCV  
  21  2:03  Barracks Reactor  
  21  2:08  Supply Depot  
  21  2:10  SCV  
  22  2:17  Refinery  
  22  2:22  SCV  
  23  2:30  Factory  
  23  2:34  SCV  
  24  2:40  Marine x2  
  24  2:41  Barracks Tech Lab  
  26  2:47  SCV  
  27  2:55  Orbital Command  
  27  2:59  SCV  
  27  3:01  Marine, Stimpack  
  27  3:05  Marine  
  30  3:11  SCV  
  31  3:23  SCV, Factory Reactor, Starport  
  31  3:25  Marine  
  33  3:27  SCV  
  33  3:30  Marine  
  36  3:35  SCV  
  36  3:39  SCV  
  37  3:41  Supply Depot  
  37  3:42  Marine  
  37  3:48  SCV  
  39  3:50  Marine x2  
  39  3:51  SCV  
  42  4:00  SCV, Marine  
  44  4:05  SCV, Supply Depot  
  44  4:09  Medivac x2  
  49  4:10  Marine x2  
  49  4:12  SCV  
  52  4:18  SCV, Marine  
  53  4:24  SCV  
  53  4:28  Marine  
  53  4:29  Supply Depot  
  53  4:30  SCV  
  57  4:36  SCV  
  57  4:39  Command Center  
  57  4:40  Combat Shield, Marine  
  57  4:44  Widow Mine  
  61  4:49  Marine  
  61  4:50  Medivac  
  64  4:53  SCV x2  
  64  4:55  Supply Depot  
  64  4:58  Marine  
  66  5:02  Engineering Bay  
  66  5:03  Engineering Bay  
  66  5:05  SCV x2  
  68  5:07  Factory Reactor, Marine  
  68  5:11  Refinery  
  68  5:12  Refinery  
  69  5:16  Barracks  
  69  5:17  SCV  
  69  5:18  Marine x2  
  69  5:20  SCV  
  73  5:24  Starport Reactor  
  73  5:25  Marine  
  74  5:29  SCV, Terran Infantry Weapons Level 1  
  74  5:32  SCV  
  76  5:41  SCV  
  78  5:48  Barracks  
  78  5:49  Barracks  
  78  5:51  Terran Infantry Armor Level 1, Supply Depot, Widow Mine x2  
  78  5:55  Orbital Command  
  78  5:56  Marine  
  82  6:01  Marine  
  82  6:02  Marine  
  82  6:05  Medivac x2  
  82  6:06  SCV  
  82  6:11  Marine  
  87  6:14  Marine  
  87  6:15  Marine  
  87  6:19  Marine  
  87  6:25  Marine  
  84  6:26  Orbital Command  
  84  6:29  SCV, Marine  
  84  6:32  Marine x2  
  85  6:33  SCV  
  85  6:36  Barracks Reactor x2  
  85  6:37  Medivac, Widow Mine  
  85  6:39  Marine  
  93  6:41  Medivac  
  93  6:43  Marine  
  93  6:46  SCV, Armory, Marine  
  94  6:49  SCV  
  94  6:50  Marine x2  
  96  6:56  SCV  
  96  6:57  Marine  
  98  7:01  Marine, Supply Depot  
  98  7:02  SCV  
  98  7:03  Supply Depot  
  101  7:12  SCV  
  101  7:16  Supply Depot  
  101  7:21  SCV, Marine  
  101  7:22  Marine x3, Liberator  
  101  7:23  SCV  
  101  7:25  SCV  
  101  7:29  Marine x3  
  109  7:31  Marine  
  109  7:33  SCV  
  109  7:34  Factory, Marine  
  109  7:35  SCV, Medivac  
  110  7:38  Marine  
  110  7:39  Widow Mine x2  
  110  7:42  Marine  
  110  7:43  SCV  
  110  7:44  Supply Depot  
  117  7:45  Marine x2  
  117  7:47  Marine  
  117  7:50  SCV  
  121  7:53  Refinery  
  121  7:56  Marine  
  121  7:57  SCV  
  125  8:05  SCV, Widow Mine  
  123  8:06  SCV, Marine x2  
  123  8:08  Marine  
  123  8:11  Marine x3  
  131  8:13  Medivac, Command Center  
  133  8:20  SCV  
  133  8:21  Marine  
  133  8:22  SCV, Marine x2  
  133  8:24  Marine x2  
  133  8:25  Factory Tech Lab  
  133  8:26  Marine  
  141  8:29  Marine  
  141  8:34  Marine  
  141  8:35  Marine, Supply Depot  
  141  8:36  Barracks  
  141  8:37  Supply Depot  
  141  8:39  Barracks  
  144  8:43  SCV  
  149  8:55  Supply Depot  

Tags
 
Add a new tag
Caveats
  • Supply blocks, unpowered buildings, or Contaminate may cause inaccurate times.
  • Supply counts are checked every 10 seconds.